 Dungeon Crawl Stone Soup version 0.31-a0-656-gb4d89c20fa (webtiles) character file.

Game seed: 11212185151523607396

98793 SunnyYharnam the Warrior (level 16, -4/97 HPs)
             Began as a Gargoyle Fighter on Aug 31, 2023.
             Was an Elder of Hepliaklqana.
             Slain by a five-headed hydra (6 damage)
             ... on level 3 of the Swamp on Sept 1, 2023.
             The game lasted 03:20:03 (22408 turns).

SunnyYharnam the Warrior (Gargoyle Fighter)        Turns: 22408, Time: 03:20:04

Health: -4/97      AC: 37    Str: 31    XL:     16   Next: 23%
Magic:  21/23      EV: 13    Int: 13    God:    Hepliaklqana [****..]
Gold:   252        SH:  9    Dex:  9    Spells: 15/15 levels left

rFire   + + +        r - +6 shillelagh "Devastator" {shatter}
rCold   + + +        D - +2 buckler {reflect}
rNeg    + + .        b - +1 plate armour of the Sky {rF+ Will+ Str+3 Int+4}
rPois   ∞            W - +0 helmet
rElec   +            w - +0 cloak
rCorr   +            s - +1 pair of gloves
SInv    .            m - +0 pair of boots
Will    +++++        y - amulet of the Four Winds {rN+ Will+++ Clar} Stlth
                     Y - +5 ring of evasion
HPRegen 0.36/turn    J - ring "Abehuap" {rElec rC++ Will+ rCorr}
MPRegen 0.18/turn

%: reflection, clarity
@: about to teleport, resistant, flying
A: reduced essence, sickness immunity, AC +12, big wings, negative energy
resistance 1, electricity resistance, torment resistance 1, petrification
resistance, fire resistance 1, sense surroundings 1
a: Renounce Religion, Recall Ancestor, Ancestor Identity, Transference, Idealise


You were on level 3 of the Swamp.
You worshipped Hepliaklqana.
Hepliaklqana was greatly pleased with you.
You visited 5 branches of the dungeon, and saw 25 of its levels.

You collected 2330 gold pieces.
You spent 2078 gold pieces at shops.

Inventory:

Hand Weapons
 r - the +6 shillelagh "Devastator" (weapon) {shatter}
   (You found it on level 9 of the Dungeon)
 I - a +3 morningstar of protection
 S - a +3 vampiric eveningstar
Missiles
 i - 248 stones
 v - a silver javelin
 T - 4 throwing nets
Armour
 a - a scarf of resistance
 b - the +1 plate armour of the Sky (worn) {rF+ Will+ Str+3 Int+4}
   (You bought it in a shop on level 2 of the Orcish Mines)

   Str+3:     It affects your strength (+3).
   Int+4:     It affects your intelligence (+4).
   rF+:       It protects you from fire.
   Will+:     It increases your willpower.
 m - a +0 pair of boots (worn)
 s - a +1 pair of gloves (worn)
 w - a +0 cloak (worn)
 A - +0 ice dragon scales
 D - a +2 buckler of reflection (worn)
 F - a +2 plate armour of positive energy
 W - a +0 helmet (worn)
Jewellery
 l - a ring of ice
 q - a +5 ring of evasion
 t - a ring of fire
 y - the amulet of the Four Winds (around neck) {rN+ Will+++ Clar}
   (You bought it in a shop on level 2 of the Orcish Mines)

   [amulet of nothing]

   rN+:       It protects you from negative energy.
   Will+++:   It greatly increases your willpower.
   Clar:      It protects you from confusion, rage, mesmerisation and fear.
 G - the ring "Temox" {rPois rF+}
   (You found it on level 7 of the Dungeon)

   [ring of poison resistance]

   rF+:       It protects you from fire.
   rPois:     It protects you from poison
 H - a ring of positive energy
 J - the ring "Abehuap" (right hand) {rElec rC++ Will+ rCorr}
   (You bought it in a shop on level 2 of the Orcish Mines)

   [ring of willpower]

   rC++:      It greatly protects you from cold.
   rElec:     It insulates you from electricity.
   Will+:     It increases your willpower.
   rCorr:     It protects you from acid and corrosion.
 R - a ring of willpower
 Y - a +5 ring of evasion (left hand)
Wands
 d - a wand of flame (12) (quivered)
 x - a wand of iceblast (34)
 E - a wand of polymorph (17)
 K - a wand of charming (32)
 L - a wand of mindburst (8)
 O - a wand of digging (7)
 P - a wand of light (8)
Scrolls
 e - a scroll of amnesia {unknown}
 g - a scroll of brand weapon {unknown}
 k - 2 scrolls of silence
 o - 3 scrolls of butterflies
 p - a scroll of vulnerability
 u - a scroll of acquirement {unknown}
 M - 7 scrolls of teleportation
 N - 2 scrolls of revelation
 Q - a scroll of immolation
 X - 3 scrolls of enchant weapon
Potions
 c - 3 potions of invisibility
 h - a potion of magic
 j - 3 potions of lignification
 z - a potion of brilliance
 B - 2 potions of degeneration
 C - 3 potions of enlightenment
 V - 2 potions of curing
 Z - a potion of cancellation


   Skills:
 * Level 15.4 Fighting
 - Level 14.0 Maces & Flails
 + Level 15.2 Armour
 + Level 1.2 Dodging
 - Level 15.0 Shields
 - Level 10.3 Invocations
 + Level 1.3 Evocations


You had 15 spell levels left.
You didn't know any spells.
Your spell library contained the following spells:

 Spells                   Type           Power      Damage    Failure   Level
 Kiss of Death            Conj/Necr      0%         2d5       86%         1
 Necrotise                Necr           0%         1d4       86%         1
 Shock                    Conj/Air       0%         1d3       86%         1
 Sting                    Tmut/Pois      0%         1d3       86%         1
 Blink                    Tloc           0%         N/A       95%         2
 Lesser Beckoning         Tloc           0%         N/A       95%         2
 Momentum Strike          Conj/Tloc      0%         3d8       95%         2
 Poisonous Vapours        Pois/Air       0%         N/A       95%         2
 Call Canine Familiar     Summ           0%         N/A       99%         3
 Confusing Touch          Hex            0%         N/A       99%         3
 Portal Projectile        Hex/Tloc       0%         N/A       99%         3
 Swiftness                Air            0%         N/A       99%         3
 Tukima's Dance           Hex            0%         N/A       99%         3
 Vampiric Draining        Necr           0%         2d6       99%         3
 Volatile Blastmotes      Fire/Tloc      0%         2d10      99%         3
 Airstrike                Air            0%         2d(0-16)  100%        4
 Dispel Undead            Necr           0%         3d6       100%        4
 Fulminant Prism          Conj/Hex       0%         3d5       100%        4
 Iskenderun's Mystic Bla  Conj/Tloc      0%         2d3       100%        4
 Leda's Liquefaction      Hex/Erth       0%         N/A       100%        4
 Olgreb's Toxic Radiance  Pois           0%         N/A       100%        4
 Petrify                  Tmut/Erth      0%         N/A       100%        4
 Agony                    Necr           0%         N/A       100%        5
 Irradiate                Conj/Tmut      0%         3d11      100%        5
 Sublimation of Blood     Necr           Unusable   N/A       N/A         2

Dungeon Overview and Level Annotations

Branches:
Dungeon (14/15)            Temple (1/1) D:4            Lair (5/5) D:10
  Swamp (3/4) Lair:2        Snake (0/4) Lair:3        Slime (0/5) Lair:5
    Orc (2/2) D:9             Elf (0/3) Orc:2
 Vaults: D:13-14

Altars:
Ashenzari
Cheibriados
Dithmenos
Elyvilon
Fedhas
Gozag
Hepliaklqana
Kikubaaqudgha
Makhleb
Nemelex Xobeh
Okawaru
Qazlal
Ru
Sif Muna
Trog
Uskayaw
Vehumet
Wu Jian
Xom
Yredelemnul
Zin
The Shining One
Jiyva

Shops:
D:3 =   D:8 [   D:10 :   Orc:2 [*=(

Annotations:
D:4 3 runed translucent doors, olddryhag's ghost, novice GrGl


Innate Abilities, Weirdness & Mutations

Your life essence is reduced to manifest your ancestor. (-10% HP)
You are immune to sickness and miasma.
Your stone body is resilient. (AC +12)
You are immune to poison.
Your large and strong wings let you fly.
You resist negative energy. (rN+)
You are resistant to electric shocks. (rElec)
You are resistant to unholy torment.
You are immune to petrification.
Your flesh is heat resistant. (rF+)
You passively map a small area around you.


Message History

The eleionoma is engulfed in spectral mist.
The five-headed hydra misses you. The five-headed hydra bites you!
* * * LOW HITPOINT WARNING * * *
The five-headed hydra bites you but does no damage. x2
You block the five-headed hydra's attack.
Press: ? - help, . - travel You can't see that place.
Okay, then.
You are engulfed in spectral mist.
The ghost crab breathes spectral mist at you.
The spectral mist engulfs you but does no damage.
A will-o-the-wisp comes into view.
As you read the scroll of teleportation, it crumbles to dust.
You feel strangely unstable.
You are engulfed in spectral mist.
* * * LOW HITPOINT WARNING * * *
The will-o-the-wisp gives a chilling moan.
The five-headed hydra is engulfed in spectral mist.
The five-headed hydra closely misses you.
The five-headed hydra bites you but does no damage. x2
You block the five-headed hydra's attack.
The five-headed hydra closely misses you.
You are engulfed in spectral mist.
* * * LOW HITPOINT WARNING * * *
The five-headed hydra is engulfed in spectral mist.
The ghost crab breathes spectral mist at you.
The spectral mist engulfs you but does no damage.
A spriggan rider comes into view. It is wielding a +0 spear.
The spectral death drake attacks as it pursues you!
The spectral death drake closely misses you.
Mookerton is not nearby!
Unknown command.
You feel better.
You are engulfed in spectral mist.
* * * LOW HITPOINT WARNING * * *
The spriggan rider shouts!
The five-headed hydra is engulfed in spectral mist.
The five-headed hydra bites you.
* * * LOW HITPOINT WARNING * * *
The five-headed hydra bites you but does no damage. x3
The five-headed hydra bites you.
You die...

, * * * * ~
♣..♣♣♣ , , ~
~i♣♣.~~... ,
♣~.~~~.... ~
*♣v...?.~~~ ~
* ~
♣♣~Z....~~~ ,
♣Z§☼t...$~~ ,
♣♣♣☼~§○......
♣☼☼§@Z§☼~~§~~
~
♣♣○ZD○○~~~.~~
*
♣☼☼☼☼○~§§...
♣♣♣○°~~~....
, *
♣.~~~~~... ~
~, ~~~~R.§.♣.
~~ ~~~.♣♣♣~♣♣
, ,....♣♣ *♣♣
♣♣♣♣♣♣ * ~


You could see an eleionoma (fleeing), a five-headed hydra, a spriggan rider, a
ghost crab, 2 spectral death drakes, 2 spectral fenstrider witches and a
will-o-the-wisp.

Vanquished Creatures
  Nikola (Swamp:2)
  Kirke (Lair:2)
  A fenstrider witch (Swamp:2)
  An eleionoma (Swamp:3)
  Nessos (Lair:4)
  Harold (Lair:2)
  5 hydras
  3 alligators (Swamp:1)
  21 death yaks
  4 two-headed ogres
  3 orc high priests
  Urug (Lair:1)
  Sonja (Orc:2)
  4 goliath frogs
  A spriggan druid (Lair:2)
  A bog body (Swamp:3)
  2 orc knights (Orc:2)
  2 orc sorcerers (Orc:2)
  4 will-o-the-wisps
  3 cyclopes
  4 black mambas
  Joseph (D:10)
  10 elephants
  5 gargoyles
  8 cane toads
  5 torpor snails
  4 rime drakes
  2 kobold demonologists (D:9)
  6 komodo dragons
  3 trolls
  3 tyrant leeches
  7 hornets
  9 blink frogs
  8 polar bears
  6 dream sheep (Lair:5)
  5 slime creatures (D:12)
  2 centaur simulacra (D:11)
  A shadow (D:11)
  4 wraiths
  56 yaks
  Grum (D:10)
  19 spriggans
  A basilisk (Lair:4)
  5 wyverns
  2 steam dragons
  Menkaure (D:7)
  5 vampire mosquitoes
  5 wargs
  A naga (Lair:3)
  11 swamp worms
  Duvessa (D:7)
  An acid dragon (D:7)
  6 ice beasts
  14 water moccasins
  23 orc warriors
  2 sky beasts
  5 black bears
  26 wolves
  3 boggarts (Lair:5)
  5 ogres
  7 centaurs
  2 kobold brigands
  2 phantoms (D:5)
  12 bullfrogs
  A gnoll sergeant (D:12)
  3 scorpions
  9 wights
  Dowan (D:7)
  9 killer bees
  An electric eel (D:11)
  2 howler monkeys
  2 gnoll boudas (D:7)
  4 hounds
  5 jellies
  10 orc priests
  Crazy Yiuf (D:7)
  4 sleepcaps
  Ijyb (D:3)
  3 iguanas
  12 orc wizards
  18 adders
  17 gnolls
  3 river rats (D:3)
  A shadow imp (D:6)
  3 white imps
  2 ufetubi
  2 worms (D:3)
  5 dart slugs
  47 orcs
  3 bats
  6 endoplasms
  3 giant cockroaches
  6 goblins
  4 hobgoblins
  2 jackals (D:3)
  17 kobolds
  3 quokkas
  8 ball pythons
  3 frilled lizards
  6 rats
597 creatures vanquished.

Vanquished Creatures (collateral kills)
  An orc warlord (Orc:2)
  The ghost of Bekuax the Gelid, a journeyman MfIE of Gozag (Lair:4)
  3 hydras
  An ice dragon (D:11)
  A catoblepas (Lair:2)
  2 two-headed ogres
  3 death yaks
  An orc high priest (Orc:2)
  A swamp dragon (Swamp:1)
  3 orc knights
  An orc sorcerer (Orc:1)
  A will-o-the-wisp (Lair:2)
  A black mamba (Lair:2)
  An unseen horror (D:12)
  A rime drake (Lair:5)
  A komodo dragon (D:12)
  A tyrant leech (Swamp:2)
  A polar bear (Lair:5)
  A blink frog (Lair:3)
  4 hornets
  A yak (Lair:4)
  A vampire (D:14)
  A shadow (D:10)
  2 spriggans
  4 vampire mosquitoes
  A warg (Orc:1)
  A swamp worm (Swamp:1)
  6 orc warriors (Orc:2)
  2 ogres
  4 wolves
  A kobold brigand (D:9)
  A bullfrog (Lair:3)
  2 killer bees
  4 gnolls
  A white imp (D:7)
  7 orcs
  An endoplasm (Lair:5)
  2 kobolds (D:9)
72 creatures vanquished.

Vanquished Creatures (others)
  A spriggan druid (Swamp:1)
  3 bloated husks (Swamp:1)
  2 hornets
  2 spriggans (Swamp:1)
  4 humans (Swamp:1)
  2 swamp worms (Swamp:1)
  A swamp drake (Swamp:1)
  9 knights
  8 ancestors
  30 foxfires
62 creatures vanquished.

Grand Total: 731 creatures vanquished

Notes
Turn   | Place    | Note
-------+----------+-------------------------------------------
     0 | D:1      | SunnyYharnam the Gargoyle Fighter began the quest for the
                  | Orb.
     0 | D:1      | Reached XP level 1. HP: 14/14 MP: 1/1
    89 | D:1      | Reached XP level 2. HP: 19/19 MP: 2/2
   630 | D:1      | Reached XP level 3. HP: 23/23 MP: 3/3
   851 | D:2      | Found a faded altar of an unknown god.
  1569 | D:3      | Reached XP level 4. HP: 29/29 MP: 4/4
  1679 | D:3      | Noticed Ijyb
  1693 | D:3      | Killed Ijyb
  1694 | D:3      | Reached XP level 5. HP: 20/33 MP: 5/5
  2080 | D:3      | Found Lijueh's Jewellery Shoppe.
  2359 | D:3      | Reached XP level 6. HP: 39/39 MP: 6/6
  2577 | D:4      | Found a staircase to the Ecumenical Temple.
  2584 | Temple   | Entered the Ecumenical Temple
  2806 | D:4      | Found an ornate altar of the Wu Jian Council.
  2950 | D:4      | Found a shimmering altar of Xom.
  3019 | D:4      | Noticed a steam dragon
  3526 | D:4      | Found a radiant altar of Vehumet.
  3644 | D:4      | Gained mutation: Your flesh is heat resistant. (rF+)
                  | [potion of mutation]
  3644 | D:4      | Gained mutation: You passively map a small area around you.
                  | [potion of mutation]
  3708 | D:4      | Found a hazy altar of Hepliaklqana.
  3789 | D:4      | Reached XP level 7. HP: 44/44 MP: 7/7
  3809 | D:4      | Became a worshipper of Hepliaklqana the Forgotten
  3834 | D:4      | Found a runed translucent gate.
  3834 | D:4      | Found a runed translucent gate.
  3834 | D:4      | Noticed olddryhag's ghost (novice GrGl)
  3835 | D:4      | Found a runed translucent gate.
  3837 | D:4      | Identified the +5 scale mail of the Planets {rElec Will+
                  | Str+5 Int+3}
  3939 | D:4      | Killed a steam dragon
  3940 | D:4      | Reached skill level 5 in Fighting
  3940 | D:4      | Reached skill level 5 in Maces & Flails
  4024 | D:4      | Reached skill level 5 in Shields
  4385 | D:5      | Entered Level 5 of the Dungeon
  4398 | D:4      | Reached skill level 5 in Armour
  4515 | D:5      | Reached XP level 8. HP: 43/50 MP: 8/8
  4846 | D:5      | Found a bloodstained altar of Trog.
  4847 | D:5      | Found a burning altar of Makhleb.
  4953 | D:5      | Noticed an air elemental
  4954 | D:5      | Found a stormy altar of Qazlal.
  4960 | D:5      | Noticed a water elemental
  5343 | D:6      | Found a blossoming altar of Fedhas.
  5784 | D:6      | Found a shimmering blue altar of Sif Muna.
  5837 | D:6      | Reached XP level 9. HP: 50/56 MP: 9/9
  6480 | D:7      | Noticed Duvessa
  6482 | D:7      | Noticed Dowan
  6500 | D:7      | Killed Duvessa
  6520 | D:7      | Killed Dowan
  6649 | D:7      | Found a sparkling altar of Nemelex Xobeh.
  6675 | D:7      | Reached * piety under Hepliaklqana
  6677 | D:7      | Noticed Menkaure
  7343 | D:7      | Found a shadowy altar of Dithmenos.
  7434 | D:7      | Identified the ring "Temox" {rPois rF+}
  7589 | D:7      | Found a runed translucent door.
  7590 | D:7      | Noticed Crazy Yiuf
  7600 | D:7      | Killed Crazy Yiuf
  7737 | D:7      | Reached XP level 10. HP: 56/56 MP: 10/10
  7838 | D:7      | Killed Menkaure
  8070 | D:8      | Found Poschot's Armour Boutique.
  8743 | D:8      | Reached skill level 10 in Maces & Flails
  8929 | D:9      | Noticed a kobold demonologist
  8939 | D:9      | Killed a kobold demonologist
  8954 | D:9      | Noticed a kobold demonologist
  8965 | D:9      | Noticed a sun demon
  8967 | D:9      | Killed a kobold demonologist
  9067 | D:9      | Noticed a gargoyle
  9069 | D:9      | Noticed a two-headed ogre
  9069 | D:9      | Found the +6 shillelagh "Devastator" {shatter}
  9076 | D:9      | Killed a gargoyle
  9085 | D:9      | Killed a two-headed ogre
  9086 | D:9      | Reached XP level 11. HP: 21/62 MP: 11/11
  9289 | D:9      | Found a white marble altar of Elyvilon.
  9419 | D:9      | Reached ** piety under Hepliaklqana
  9420 | D:9      | Remembered your ancestor Mookerton as a knight
  9592 | D:9      | Noticed a two-headed ogre
  9598 | D:9      | Killed a two-headed ogre
  9894 | D:9      | Found a snail-covered altar of Cheibriados.
  9986 | D:9      | Found a staircase to the Orcish Mines.
 10102 | D:9      | Found an opulent altar of Gozag.
 10102 | D:9      | Noticed a two-headed ogre
 10111 | D:9      | Killed a two-headed ogre
 10516 | D:10     | Entered Level 10 of the Dungeon
 10794 | D:10     | Found a staircase to the Lair.
 10951 | D:10     | Found Zelig's Self-Improvement Boutique.
 10953 | D:10     | Noticed Joseph
 10960 | D:10     | Killed Joseph
 11092 | D:10     | Noticed Grum
 11105 | D:10     | Killed Grum
 11180 | D:10     | Reached XP level 12. HP: 69/69 MP: 12/12
 11183 | D:10     | Reached skill level 10 in Fighting
 11183 | D:10     | Reached skill level 10 in Armour
 11247 | Lair:1   | Entered Level 1 of the Lair of Beasts
 11256 | Lair:1   | Reached *** piety under Hepliaklqana
 11262 | Lair:1   | Reached skill level 10 in Shields
 11508 | Lair:1   | Noticed a death yak
 11528 | Lair:1   | Killed a death yak
 11552 | Lair:1   | Noticed a death yak
 11553 | Lair:1   | Noticed a death yak
 11556 | Lair:1   | Noticed a death yak
 11557 | Lair:1   | Noticed a death yak
 11568 | Lair:1   | Killed a death yak
 11570 | Lair:1   | Killed a death yak
 11575 | Lair:1   | Killed a death yak
 11583 | Lair:1   | Killed a death yak
 11760 | Lair:1   | Noticed Urug
 11768 | Lair:1   | Killed Urug
 12079 | Lair:2   | Noticed Harold
 12092 | Lair:2   | Killed Harold
 12229 | Lair:2   | Reached XP level 13. HP: 70/75 MP: 13/13
 12308 | Lair:2   | Found a staircase to the Swamp.
 12764 | Lair:2   | Reached skill level 1 in Invocations
 13143 | Lair:3   | Found a staircase to the Snake Pit.
 13209 | Lair:3   | Reached **** piety under Hepliaklqana
 13656 | Lair:3   | You fall into a shaft and drop 1 floor!
 13760 | Lair:4   | Gained mutation: Your large and strong wings let you fly.
                  | [Gargoyle growth]
 13760 | Lair:4   | Reached XP level 14. HP: 82/82 MP: 17/17
 13813 | Lair:4   | Found a runed translucent door.
 13836 | Lair:4   | Noticed Bekuax's ghost (journeyman MfIE)
 13865 | Lair:4   | Noticed Nessos
 13888 | Lair:4   | Killed Nessos
 13889 | Lair:4   | Reached skill level 5 in Invocations
 14444 | Lair:4   | Killed Bekuax's ghost
 14542 | Lair:5   | Entered Level 5 of the Lair of Beasts
 15474 | Lair:5   | Found a viscous altar of Jiyva.
 15474 | Lair:5   | Found a staircase to the Slime Pits.
 15907 | Lair:5   | Reached XP level 15. HP: 90/90 MP: 20/20
 16667 | D:11     | Found a frozen archway.
 16975 | D:11     | Identified the +2 ring mail of the Unseen Realm {Fly Dex+3}
 17850 | D:12     | Reached ***** piety under Hepliaklqana
 18036 | D:12     | You are sucked into a shaft and drop 2 floors!
 18077 | D:13     | Found a shimmering altar of Xom.
 18228 | Orc:1    | Entered Level 1 of the Orcish Mines
 18528 | Orc:2    | Entered Level 2 of the Orcish Mines
 18755 | Orc:2    | Found Xoavves's General Store.
 18936 | Orc:2    | Found Orchaf's Jewellery Boutique.
 18957 | Orc:2    | Noticed an orc warlord
 18965 | Orc:2    | Noticed Sonja
 18969 | Orc:2    | Killed Sonja
 18982 | Orc:2    | Killed an orc warlord
 19363 | Orc:2    | Found Femolady's Antique Armour Emporium.
 19371 | Orc:2    | Bought a shimmering plate armour for 728 gold pieces
 19371 | Orc:2    | Identified the +1 plate armour of the Sky {rF+ Will+ Str+3
                  | Int+4} (You bought it in a shop on level 2 of the Orcish
                  | Mines)
 19424 | Orc:2    | Bought the amulet of the Four Winds {rN+ Will+++ Clar} for
                  | 667 gold pieces
 19424 | Orc:2    | Found the amulet of the Four Winds {rN+ Will+++ Clar}
 19505 | Orc:2    | Found a staircase to the Elven Halls.
 19506 | Orc:2    | Found Xuis's Antique Weapon Shop.
 19881 | Orc:2    | Bought the ring "Abehuap" {rElec rC++ Will+ rCorr} for 683
                  | gold pieces
 20052 | Swamp:1  | Entered Level 1 of the Swamp
 20134 | Swamp:1  | Noticed Kirke
 20158 | Lair:2   | Killed Kirke
 21291 | Swamp:1  | Reached skill level 10 in Invocations
 21433 | Swamp:1  | Reached skill level 15 in Fighting
 21433 | Swamp:1  | Reached XP level 16. HP: 97/97 MP: 23/23
 21539 | Swamp:1  | Reached skill level 15 in Armour
 21549 | Swamp:2  | Reached skill level 15 in Shields
 21765 | Swamp:2  | Noticed a fenstrider witch
 21778 | Swamp:2  | Killed a fenstrider witch
 21866 | Swamp:2  | Noticed Nikola
 21882 | Swamp:2  | Killed Nikola
 22202 | Swamp:2  | Reached skill level 1 in Evocations
 22340 | Swamp:3  | Reached skill level 1 in Dodging
 22407 | Swamp:3  | HP: 1/97 [ghost crab] (6)]
 22408 | Swamp:3  | Slain by a five-headed hydra

Illustrated notes

Levels and vault maps discovered:
D:1:      lightli_arrival_lavapool, layout_basic, minmay_misc_feat_iff,
          minmay_misc_feat_hallway
D:2:      layout_basic, basic_ecumenical_altar
D:3:      layout_loops_ring, lightli_sewer_entry_pipes, serial_shops, shop,
          uniq_ijyb
D:4:      layout_loops_corners, mainiacjoe_overflow_surrounded_room,
          nzn_wu_jian_contemplation, lemuel_coloured_pillars_altar,
          mainiacjoe_overflow_alcove_4, minmay_temple_entry_junction_2,
          biasface_ghost_orc_armoury, kennysheep_cross_room, minmay_small_thing
D:5:      layout_rooms, nicolae_qazlal_style_of_elements,
          mainiacjoe_overflow_divided_tiny
D:6:      hangedman_cross_stitches, layout_gridville, fedhas_altar_3,
          mainiacjoe_overflow_six_doors_small, ebering_dispersal_statue_hall
D:7:      layout_basic, nicolae_dithmenos_through_a_glass_darkly,
          nemelex_dance_club_becter, uniq_menkaure, uniq_crazy_yiuf_cottage,
          uniq_duvessa
D:8:      layout_basic, minmay_shop_grid_forest
D:9:      layout_grid_maze, elyvilon_altar_5, cheibriados_altar_1,
          mainiacjoe_overflow_boulevard, david_orc_1_choice,
          dilly_guarded_unrand_devastator
D:10:     layout_rooms, hellmonk_lair_entry_icy, nicolae_shop_self_help,
          uniq_grum, uniq_joseph
D:11:     layout_roguey, serial_ice, serial_ice_g, serial_ice_l, serial_ice_e,
          serial_ice_f, portal_ice_cave_entry_animals_and_master
D:12:     layout_irregular_city
D:13:     kennysheep_scales, layout_stronghold, erik_vaults_2, xom_teletrap_fun
D:14:     layout_cave_pods, serial_shops, shop
Temple:   nicolae_temple_superstar
Lair:1:   layout_chaotic_city, uniq_urug
Lair:2:   layout_gridlike, minmay_swamp_entry_reptiles, uniq_harold
Lair:3:   layout_chaotic_city, guppyfry_snake_entry_island, hibernation_bobbens
Lair:4:   layout_big_grid, ebering_ghost_reflecting_pool, uniq_nessos
Lair:5:   minmay_lair_end_enchanted_forest, layout_long_grid,
          nicolae_slime_entry_slimehenge, infiniplex_staircase_pool
Swamp:1:  layout_basic_swamp, evilmike_swamp_ruin_house_6, swamp_pool3,
          nicolae_swamp_wisp_ring_woods, uniq_kirke
Swamp:2:  layout_basic_swamp, evilmike_swamp_ruin_rubble_1, uniq_nikola
Swamp:3:  layout_basic_swamp, nicolae_swamp_small_spring, uniq_jorgrun
Orc:1:    layout_diamond_mine
Orc:2:    grunt_orc_gardens, layout_caves, grunt_orc_garden, grunt_orc_garden,
          grunt_orc_garden, grunt_orc_garden, guppyfry_library_mini, uniq_sonja

Skill      XL: |  1  2  3  4  5  6  7  8  9 10 11 12 13 14 15 16 |
---------------+-------------------------------------------------+-----
Maces & Flails | 3 4 5 7 9 10 12 13 14 | 14.0
Fighting       | 4 5 6 7 8 9 11 12 13 15 | 15.4
Armour         | 4 5 6 7 8 9 11 12 13 14 15 | 15.2
Shields        | 4 5 6 7 8 9 11 12 13 14 15 | 15.0
Invocations    | 4 7 10 | 10.3
Evocations     | 1 |  1.3
Dodging        | 1 |  1.2

Action                     |  1- 3 |  4- 6 |  7- 9 | 10-12 | 13-15 | 16-18 || total
---------------------------+-------+-------+-------+-------+-------+-------++-------
  Melee: Flail             |   100 |   181 |   409 |    90 |       |       ||   780
         Morningstar       |       |       |       |    42 |       |       ||    42
         Shillelagh        |       |       |       |   215 |   848 |   105 ||  1168
  Throw: Stone             |       |     5 |       |       |       |       ||     5
         Javelin           |       |       |     3 |     1 |       |       ||     4
         Throwing net      |       |       |     1 |     1 |       |       ||     2
 Invoke: Ancestor Identity |       |       |     1 |       |       |       ||     1
         Recall Ancestor   |       |       |       |     2 |     5 |       ||     7
         Ancestor Life: Kn |       |       |       |     1 |       |       ||     1
         Idealise          |       |       |       |       |     5 |     1 ||     6
         Transference      |       |       |       |       |     4 |     2 ||     6
  Evoke: Wand              |       |       |       |     3 |     4 |       ||     7
    Use: Scroll            |     1 |     8 |    12 |    10 |    15 |     4 ||    50
         Potion            |       |     7 |     2 |     1 |     6 |     3 ||    19
   Stab: Distracted        |       |       |       |     3 |     1 |     1 ||     5
 Armour: Scale mail        |    32 |    68 |   199 |   105 |   128 |       ||   532
         Plate armour      |       |       |       |       |   115 |    55 ||   170
         Ice dragon scales |       |       |       |       |    17 |       ||    17
  Dodge: Dodged            |    38 |   128 |   246 |   188 |   400 |    41 ||  1041
  Block: Buckler           |    22 |    35 |   111 |   133 |   151 |    10 ||   462
         Kite shield       |       |       |       |       |   188 |    28 ||   216

Table legend: (Time is in decaauts)
 A = Elapsed time spent in this place.
 B = Non-inter-level travel time spent in this place.
 C = Inter-level travel time spent in this place.
 D = Time resting spent in this place.
 E = Time spent auto-exploring this place.
 F = Levels seen in this place.
 G = Mean time per level.
                   A        B        C        D        E       F      G
               +--------+--------+--------+--------+--------+-----+--------+
         Total |  22172 |  20296 |   1876 |   3502 |  12491 |  25 |  886.9 |
       Dungeon |  13298 |  12020 |   1278 |   1761 |   7622 |  14 |  949.9 |
        Temple |      1 |      1 |      0 |      0 |      0 |   1 |    1.0 |
          Lair |   5709 |   5347 |    362 |   1171 |   3181 |   5 | 1141.8 |
         Swamp |   1528 |   1474 |     54 |    185 |   1007 |   3 |  509.3 |
  Orcish Mines |   1635 |   1454 |    181 |    385 |    680 |   2 |  817.5 |
               +--------+--------+--------+--------+--------+-----+--------+

Top non-repeatable levels by time:
     D:7: 1968 daAuts
     D:4: 1839 daAuts
     D:9: 1740 daAuts
  Lair:2: 1524 daAuts
     D:6: 1383 daAuts
  Lair:5: 1197 daAuts
     D:3: 1086 daAuts
  Lair:3: 1078 daAuts
   Orc:2: 1012 daAuts
  Lair:1: 974 daAuts
  Lair:4: 935 daAuts
     D:2: 903 daAuts
    D:10: 897 daAuts
    D:12: 781 daAuts
 Swamp:2: 758 daAuts
